 Dungeon Crawl Stone Soup version 0.30-a0-743-gbfdf073431 (webtiles) character file.

Game seed: 15506523414980291508

498176 BRD the Hoplite (level 23, -5/204 HPs)
             Began as a Demonspawn Fighter on Feb 4, 2023.
             Was the Champion of Okawaru.
             Slain by an enormous slime creature (50 damage)
             ... on level 5 of the Pits of Slime on Feb 5, 2023.
             The game lasted 03:54:21 (44312 turns).

BRD the Hoplite (Demonspawn Fighter)               Turns: 44312, Time: 03:54:21

Health: -5/204     AC: 44    Str: 23    XL:     23   Next: 38%
Magic:  34/34      EV:  6    Int: 13    God:    Okawaru [******]
Gold:   5924       SH: 17    Dex: 15    Spells: 22/22 levels left

rFire   . . .      SeeInvis +    E - +7 broad axe (heavy)
rCold   + . .      Faith    .    o - +2 buckler {rF+}
rNeg    + + +      Spirit   .    r - +13 crystal plate armour of Sloth {Will++}
rPois   +          Reflect  +    (helmet unavailable)
rElec   .          Harm     .    s - scarf {repulsion}
rCorr   +          Rampage  +    v - +1 pair of gloves of the Playwright {Will+ Regen+}
Will    ++++.                    c - +1 pair of boots of the Game of Kings {Rampage rN+++ Regen+ Str-3} Stlth
                                 p - amulet of reflection
HPRegen 11.14/turn               K - ring of flight
MPRegen 0.24/turn                R - ring of Qeykh {rCorr Int+4 Slay+3}

@: corroded, flying, studying Shields, repel missiles, unable to drink
A: antennae 3, icy blue scales 3, powered by death 3, robust 1, spiny 3, poison
resistance, screaming 1, heat vulnerability 1, inability to drink after injury 2
}: 4/15 runes: barnacled, slimy, silver, gossamer
a: Renounce Religion, Heroism, Finesse, Duel


You were on level 5 of the Pits of Slime.
You worshipped Okawaru.
Okawaru was exalted by your worship.
You visited 8 branches of the dungeon, and saw 41 of its levels.
You visited the Abyss 2 times.
You visited 1 bazaar.
You also visited: Ossuary and Bailey.

You collected 7272 gold pieces.
You spent 1348 gold pieces at shops.

Inventory:

Hand Weapons
 E - a +7 heavy broad axe (weapon)
 Z - the +10 battleaxe "Ovuoqopo" {venom, rElec rF+ Str+3}
   (You took it off a yaktaur captain on level 5 of the Vaults)

   Str:       It affects your strength (+3).
   rF:        It protects you from fire.
   rElec:     It insulates you from electricity.
Missiles
 N - a curare-tipped dart (quivered)
 T - 6 atropa-tipped darts
Armour
 c - the +1 pair of boots of the Game of Kings (worn) {Rampage rN+++ Regen+ Str-3}
   (You bought it in a shop in a bazaar)

   Str:       It affects your strength (-3).
   rN:        It renders you almost immune to negative energy.
   Regen:     It increases your rate of health regeneration.
   Rampage:   It bestows one free step when moving towards enemies.
 o - a +2 buckler of fire resistance (worn)
 r - the +13 crystal plate armour of Sloth (worn) {Will++}
   (Okawaru gifted it to you on level 2 of the Lair of Beasts)

   Will:      It greatly increases your willpower.
 s - a scarf of repulsion (worn)
 v - the +1 pair of gloves of the Playwright (worn) {Will+ Regen+}
   (You bought it in a shop in a bazaar)

   Regen:     It increases your rate of health regeneration.
   Will:      It increases your willpower.
 Q - the +0 pair of fencer's gloves {Riposte Dex+3}
   (You bought it in a shop on level 5 of the Vaults)

   Riposte:   It allows the wearer to riposte with melee weapons, swiftly
   retaliating against missed or blocked melee attacks.
   Dex:       It affects your dexterity (+3).
 U - the +10 tower shield of Ignorance {rN+ Int-4}
   (You acquired it on level 2 of the Vaults)

   Int:       It affects your intelligence (-4).
   rN:        It protects you from negative energy.
Jewellery
 n - the amulet of Dishonesty {Faith rC++ SInv}
   (You took it off an ogre mage on level 5 of the Vaults)

   [amulet of faith]

   It allows you to gain divine favour quickly.
   rC:        It greatly protects you from cold.
   SInv:      It lets you see invisible.
 p - an amulet of reflection (around neck)
 q - a ring of poison resistance
 u - the ring of Matrib {Ice Str+2 Dex+3}
   (You found it on level 5 of the Pits of Slime)

   [ring of ice]

   It enhances your ice magic.
   Str:       It affects your strength (+2).
   Dex:       It affects your dexterity (+3).
   rF:        It makes you vulnerable to fire.
   rC:        It protects you from cold.
 w - an amulet of regeneration
 H - the amulet of Ezinyhuc {Faith rCorr Str+3 Stlth+}
   (You found it on level 5 of the Pits of Slime)

   [amulet of faith]

   It allows you to gain divine favour quickly.
   Str:       It affects your strength (+3).
   rCorr:     It protects you from acid and corrosion.
   Stlth:     It makes you more stealthy.
 K - a ring of flight (left hand)
 R - the ring of Qeykh (right hand) {rCorr Int+4 Slay+3}
   (You found it on level 5 of the Lair of Beasts)

   [ring of resist corrosion]

   Int:       It affects your intelligence (+4).
   Slay:      It affects your accuracy & damage with ranged weapons and melee
   (+3).
   rCorr:     It protects you from acid and corrosion.
 V - a +4 ring of slaying
Wands
 t - a wand of flame (47)
 C - a wand of acid (8)
 G - a wand of digging (12)
 M - a wand of roots (26)
 O - a wand of polymorph (13)
 S - a wand of mindburst (48)
Scrolls
 b - 4 scrolls of fear
 e - a scroll of enchant armour
 f - 3 scrolls of magic mapping
 g - a scroll of vulnerability
 j - 3 scrolls of blinking
 x - 24 scrolls of teleportation
 y - a scroll of summoning
 z - a scroll of brand weapon
 A - a scroll of silence
 P - 4 scrolls of fog
Potions
 d - 4 potions of might
 h - 8 potions of lignification
 i - 10 potions of flight
 k - 4 potions of berserk rage
 l - a potion of magic
 m - 4 potions of haste
 B - 2 potions of heal wounds
 D - 4 potions of invisibility
 F - a potion of ambrosia
 I - 3 potions of cancellation
 X - 24 potions of curing
 Y - a potion of resistance
Miscellaneous
 a - a tin of tremorstones (1/2)
 J - a phial of floods
 L - a condenser vane


   Skills:
 + Level 16.7 Fighting
 - Level 18.0 Axes
 + Level 17.9 Armour
 - Level 23.0 Shields
 - Level 15.0 Invocations


You had 22 spell levels left.
You didn't know any spells.
Your spell library contained the following spells:

 Spells                   Type           Power      Damage    Failure   Level
 Beastly Appendage        Tmut           0%         N/A       100%        1
 Kiss of Death            Conj/Necr      0%         2d5       100%        1
 Magic Dart               Conj           0%         1d3       100%        1
 Shock                    Conj/Air       0%         1d3       100%        1
 Sting                    Tmut/Pois      0%         1d3       100%        1
 Ensorcelled Hibernation  Hex/Ice        0%         N/A       100%        2
 Lesser Beckoning         Tloc           0%         N/A       100%        2
 Poisonous Vapours        Pois/Air       0%         N/A       100%        2
 Scorch                   Fire           0%         2d5       100%        2
 Searing Ray              Conj           0%         2d4       100%        2
 Static Discharge         Conj/Air       0%         2-2/arc   100%        2
 Sublimation of Blood     Necr           0%         N/A       100%        2
 Wereblood                Tmut           0%         N/A       100%        2
 Confusing Touch          Hex            0%         N/A       100%        3
 Frozen Ramparts          Ice            0%         1d1       100%        3
 Gell's Gravitas          Tloc           0%         N/A       100%        3
 Ignite Poison            Fire/Tmut/Pois 0%         N/A       100%        3
 Kindle Blastsparks       Fire/Tloc/Air  0%         2d10      100%        3
 Mephitic Cloud           Conj/Pois/Air  0%         N/A       100%        3
 Ozocubu's Armour         Ice            0%         N/A       100%        3
 Portal Projectile        Hex/Tloc       0%         N/A       100%        3
 Spider Form              Tmut/Pois      0%         N/A       100%        3
 Stone Arrow              Conj/Erth      0%         3d7       100%        3
 Swiftness                Air            0%         N/A       100%        3
 Teleport Other           Tloc           0%         N/A       100%        3
 Vampiric Draining        Necr           0%         2d6       100%        3
 Vhi's Electric Charge    Tloc/Air       0%         N/A       100%        3
 Airstrike                Air            0%         2d(0-16)  100%        4
 Cause Fear               Hex            0%         N/A       100%        4
 Dispel Undead            Necr           0%         3d6       100%        4
 Flame Wave               Conj/Fire      0%         2d4       100%        4
 Fulminant Prism          Conj/Hex       0%         3d5       100%        4
 Ice Form                 Ice/Tmut       0%         N/A       100%        4
 Iskenderun's Mystic Bla  Conj/Tloc      0%         2d3       100%        4
 Manifold Assault         Tloc           0%         N/A       100%        4
 Olgreb's Toxic Radiance  Pois           0%         N/A       100%        4
 Petrify                  Tmut/Erth      0%         N/A       100%        4
 Sticky Flame             Conj/Fire      0%         2d3       100%        4
 Arcjolt                  Conj/Air       0%         1d10      100%        5
 Blade Hands              Tmut           0%         N/A       100%        5
 Freezing Cloud           Conj/Ice/Air   0%         6-21      100%        5
 Irradiate                Conj/Tmut      0%         3d11      100%        5
 Iskenderun's Battlesphe  Conj           0%         2d6       100%        5
 Lee's Rapid Deconstruct  Erth           0%         3d4*      100%        5
 Lightning Bolt           Conj/Air       0%         1d11      100%        5
 Metabolic Englaciation   Hex/Ice        0%         N/A       100%        5
 Conjure Ball Lightning   Conj/Air       0%         3x3d6     100%        6
 Dispersal                Tloc           0%         N/A       100%        6
 Dragon Form              Tmut           0%         N/A       100%        7
 Ozocubu's Refrigeration  Ice            0%         4d7       100%        7
 Discord                  Hex            0%         N/A       100%        8
 Disjunction              Tloc           0%         N/A       100%        8
 Ignition                 Fire           0%         3d3       100%        8
 Lehudib's Crystal Spear  Conj/Erth      0%         10d2      100%        8
 Chain Lightning          Conj/Air       0%         N/A       100%        9
 Fire Storm               Conj/Fire      0%         5d1       100%        9
 Polar Vortex             Ice            0%         N/A       100%        9
 Shatter                  Erth           0%         3d5*      100%        9
 Call Imp                 Summ           Unusable   N/A       N/A         2
 Call Canine Familiar     Summ           Unusable   N/A       N/A         3
 Tukima's Dance           Hex            Unusable   N/A       N/A         3
 Animate Armour           Summ/Erth      Unusable   N/A       N/A         4
 Animate Dead             Necr           Unusable   N/A       N/A         4
 Summon Ice Beast         Ice/Summ       Unusable   N/A       N/A         4
 Simulacrum               Ice/Necr       Unusable   N/A       N/A         6
 Summon Cactus Giant      Summ           Unusable   N/A       N/A         6
 Haunt                    Necr/Summ      Unusable   N/A       N/A         7
 Malign Gateway           Summ/Tloc      Unusable   N/A       N/A         7
 Monstrous Menagerie      Summ           Unusable   N/A       N/A         7
 Infestation              Necr           Unusable   N/A       N/A         8
 Summon Horrible Things   Summ           Unusable   N/A       N/A         8
 Dragon's Call            Summ           Unusable   N/A       N/A         9

Dungeon Overview and Level Annotations

Branches:
Dungeon (15/15)            Temple (1/1) D:6            Lair (5/5) D:8
 Shoals (4/4) Lair:2       Spider (4/4) Lair:2        Slime (5/5) Lair:5
    Orc (2/2) D:12            Elf (0/3) Orc:2        Vaults (5/5) D:14
  Crypt (0/3) Vaults:3    Ossuary (visited)          Bailey (visited)
 Depths: D:15

Altars:
Ashenzari
Cheibriados
Dithmenos
Fedhas
Gozag
Hepliaklqana
Kikubaaqudgha
Makhleb
Nemelex Xobeh
Okawaru
Qazlal
Ru
Sif Muna
Trog
Uskayaw
Vehumet
Wu Jian
Xom
Yredelemnul
Jiyva
Lugonu

Shops:
D:2 [   D:3 =   Orc:2 :*[(   Vaults:5 [

Portals:
Abyss: D:9 Shoals:4
Trove: D:10 (give +6 demon whip)

Annotations:
D:4 1 runed translucent door, Crazy Yiuf
Shoals:2 2 transporters, Modoxuh's ghost, journeyman TeSu
Vaults:1 1 runed translucent door, Wenn's ghost, veteran SpEn


Innate Abilities, Weirdness & Mutations

You have a pair of large antennae on your head. (SInv)
You are completely covered in icy blue scales. (AC +4, rC+)
You regenerate a lot of health from kills.
You are robust. (+10% HP)
You are completely covered in sharp spines.
Your system is resistant to poisons. (rPois)
You occasionally shout uncontrollably at your foes.
You are vulnerable to heat. (rF-)
You sometimes lose the ability to drink potions when taking damage.


Message History

You block the acid blob's attack.
You block the enormous slime creature's attack.
You slice the acid blob!!
You kill the acid blob!
Okawaru accepts your kill.
You hit the enormous slime creature. You slash the titanic slime creature!
You completely miss the large slime creature.
You slice the enormous slime creature!!
You block the titanic slime creature's attack.
An enormous slime creature splits.
The enormous slime creature is struck by your spines.
The enormous slime creature hits you!!! The large slime creature hits you!!
You are too injured to fight recklessly!
You are too injured to fight recklessly!
You are too injured to fight recklessly!
You are too injured to fight recklessly!
You are too injured to fight recklessly!
You are too injured to fight recklessly!
You are too injured to fight recklessly!
You are too injured to fight recklessly!
You are too injured to fight recklessly!
You are too injured to fight recklessly!
You are too injured to fight recklessly!
You are too injured to fight recklessly!
You are too injured to fight recklessly!
You are too injured to fight recklessly!
You are too injured to fight recklessly!
You are too injured to fight recklessly!
Unknown command.
You slice the enormous slime creature like a ripe choko!!!
The enormous slime creature is heavily wounded.
You slice the large slime creature!! You hit the titanic slime creature.
You slash the large slime creature! You slice the large slime creature!!
The titanic slime creature is struck by your spines.
The titanic slime creature hits you!!!
You feel threatened and lose the ability to drink potions!
* * * LOW HITPOINT WARNING * * *
You block the large slime creature's attack.
A large slime creature splits. x2; The enormous slime creature hits you!!!
You die...

..........###.[|[......
............###...[.....
............####........
...........##...........
..............#.........
...........#####........
...........# ##.).).....
......JJJ..###.(|[......
......J@J...##.[()......
......JJ.....##.}=##..##
..............##...##.#}
...............##}##..##
...............#####.###
.................#.#.#.#
........................
........................
...........


You could see a titanic slime creature, an enormous slime creature, a large
slime creature and 4 slime creatures.

Vanquished Creatures
  the Royal Jelly (Slime:5)
  A dread lich (Vaults:5)
  An ancient lich (Abyss:3)
  A golden dragon (Vaults:5)
  Nikola (Vaults:1)
  Arachne (Spider:3)
  2 liches
  4 titans
  2 tentacled monstrosities
  2 quicksilver dragons
  20 acid blobs
  A tentacled starspawn (Abyss:3)
  Polyphemus (Shoals:4)
  5 sphinxes
  A kraken (Shoals:2)
  Kirke (Shoals:4)
  2 shadow dragons (Vaults:5)
  3 tengu reavers
  3 storm dragons
  Donald (Shoals:1)
  9 azure jellies
  13 rockslimes
  3 emperor scorpions
  A revenant (Vaults:3)
  14 vault wardens
  4 ghost moths
  3 frost giants
  A balrug (Abyss:3)
  9 ironbound preservers
  4 orc warlords
  A draconian annihilator (Abyss:3)
  5 war gargoyles
  5 ironbound thunderhulks
  6 very ugly things
  3 broodmothers
  12 quicksilver oozes
  3 stone giants (Vaults:5)
  The ghost of LowRida the Cleaver, a journeyman GnRe of Vehumet (Lair:2)
  A lorocyproca (Abyss:3)
  3 deep elf annihilators
  10 dire elephants
  4 spark wasps
  3 ettins
  A blizzard demon (Abyss:3)
  2 crystal guardians
  Josephine (D:15)
  2 merfolk javelineers (Shoals:4)
  A deep elf death mage (Vaults:5)
  The ghost of Puas the Warrior, a journeyman GrBe of Trog (Lair:1)
  2 deep elf high priests (Vaults:5)
  13 great orbs of eyes
  8 entropy weavers
  13 yaktaur captains
  8 merfolk impalers
  The ghost of Rubrisal the Unseen, a journeyman SpEn of Dithmenos (Lair:1)
  A fire dragon (Abyss:3)
  4 hydras
  A rakshasa (D:12)
  13 centaur warriors
  3 catoblepae
  An ice dragon (D:14)
  34 vault guards
  7 merfolk avatars
  2 ogre magi
  The ghost of Xief the Slicer, a journeyman DsCA of Ignis (Lair:1)
  2 ghost crabs (Spider:4)
  3 peacekeepers
  A radroach (Spider:4)
  A jorogumo (Spider:1)
  An anaconda (shapeshifter) (Vaults:5)
  A death knight (D:14)
  4 boulder beetles
  Erica (Orc:1)
  A dancing weapon (Vaults:4)
  An alligator (Lair:5)
  An alligator snapping turtle (Shoals:4)
  3 ironbound frosthearts
  7 two-headed ogres
  A merfolk aquamancer (Shoals:4)
  2 tengu warriors
  2 satyrs (Shoals:3)
  10 death yaks
  4 thrashing horrors
  3 orc high priests (Orc:2)
  Urug (Lair:2)
  4 skeletal warriors (D:14)
  The ghost of bratinateska the Cleaver, a novice MiFi of Okawaru (D:9)
  2 fire crabs (Shoals:3)
  3 pharaoh ants
  A sun moth (Spider:4)
  3 cherubim (D:13)
  5 wretched stars
  32 deep trolls
  Lodul (D:14)
  9 sea snakes
  6 orb spiders
  A flayed ghost (Vaults:3)
  Pikel (D:8)
  2 glowing orange brains
  16 ironbound convokers
  2 harpies (shapeshifter)
  A lindwurm (shapeshifter) (Vaults:5)
  10 lindwurms
  8 orc knights
  3 necromancers
  8 wizards
  11 harpies
  4 phantasmal warriors
  2 starcursed masses (Abyss:3)
  20 wolf spiders
  25 fauns
  A manticore (shapeshifter) (Vaults:4)
  A worldbinder (Abyss:3)
  19 ugly things
  2 orc sorcerers (Orc:2)
  4 shining eyes
  3 draconians (Abyss:3)
  8 cyclopes
  11 manticores
  A moth of wrath (Spider:4)
  2 toenail golems (D:9)
  3 merfolk sirens
  A black mamba (Lair:5)
  17 vault sentinels
  8 demonic crawlers
  8 water nymphs
  6 eyes of devastation
  12 elephants
  Maurice (D:9)
  11 cane toads
  Joseph (D:9)
  5 torpor snails
  4 gargoyles
  2 apocalypse crabs (Shoals:4)
  Psyche (D:8)
  30 yaktaurs
  A kobold demonologist (D:13)
  6 freezing wraiths
  3 rime drakes
  An unseen horror zombie (D:9)
  A cane toad (shapeshifter) (D:13)
  8 komodo dragons
  An efreet (D:13)
  A yaktaur (shapeshifter) (D:13)
  An ice devil (Abyss:3)
  3 tengu conjurers
  3 ancient zymes
  A meliai (shapeshifter) (D:10)
  3 meliai (Spider:4)
  14 trolls
  24 merfolk
  A troll (shapeshifter) (D:9)
  11 polar bears
  20 tarantellas
  3 tyrant leeches (Spider:4)
  3 wind drakes
  A blink frog (shapeshifter) (D:13)
  16 blink frogs
  3 large abominations
  A deep troll zombie (Vaults:2)
  16 dream sheep
  2 raiju (Lair:5)
  27 jumping spiders
  A flying skull (Vaults:3)
  144 slime creatures
  2 shadows
  26 culicivoras
  6 snapping turtles
  A ynoxinul (Abyss:3)
  59 yaks
  7 water elementals
  Sigmund (D:3)
  5 wyverns
  6 wraiths
  A spriggan (D:11)
  7 basilisks
  6 hogs (Shoals:4)
  A fire bat (Abyss:3)
  A neqoxec (Abyss:3)
  A steam dragon (Lair:3)
  6 golden eyes
  45 redbacks
  19 vampire mosquitoes
  3 chaos spawn (Abyss:3)
  A swamp worm (shapeshifter) (Vaults:4)
  4 small abominations
  10 wargs
  24 water moccasins
  4 acid dragons
  13 hell hounds (Lair:5)
  A floating eye (shapeshifter) (Abyss:3)
  A floating eye (Slime:5)
  50 orc warriors
  13 black bears
  3 ice beasts
  A swamp drake (D:8)
  A sky beast (D:5)
  34 wolves
  13 ogres
  4 boggarts (Vaults:1)
  A snapping turtle zombie (Shoals:4)
  6 centaurs
  4 lemures (D:8)
  2 phantoms
  4 elf zombies
  3 kobold brigands
  6 gnoll sergeants
  14 bullfrogs
  A human skeleton (Vaults:2)
  2 necrophages
  2 scorpions (D:6)
  4 wights (D:10)
  5 killer bees (D:10)
  9 howler monkeys
  7 electric eels
  3 centaur zombies (Ossuary)
  A quasit (D:7)
  An iron imp (Abyss:3)
  6 jellies
  10 orc priests
  4 hounds
  A gnoll bouda (D:7)
  3 human zombies
  An iguana (D:4)
  Natasha (thrice) (D:4)
  9 hell rats (Lair:5)
  20 orc wizards
  6 wolf simulacra (D:12)
  2 yak simulacra (D:12)
  A centaur simulacrum (D:9)
  A hound zombie (Ossuary)
  3 mummies (Ossuary)
  A howler monkey zombie (D:9)
  Robin (D:4)
  36 gnolls
  A howler monkey skeleton (D:9)
  3 adders
  6 shadow imps
  7 white imps (D:7)
  5 ufetubi
  2 adder zombies (Ossuary)
  A dart slug (D:1)
  71 orcs
  4 bats
  5 endoplasms
  3 giant cockroaches
  27 goblins
  20 hobgoblins
  2 jackals (D:2)
  4 quokkas
  10 ball pythons
  A frilled lizard (D:1)
  4 goblin zombies (Ossuary)
  3 hobgoblin zombies (Ossuary)
  4 jackal zombies (Ossuary)
  24 kobolds
  5 kobold zombies (Ossuary)
  5 quokka zombies (Ossuary)
  9 rats
  3 rat zombies (Ossuary)
  3 river rat simulacra (D:12)
1800 creatures vanquished.

Vanquished Creatures (others)
  An ironbound preserver (Vaults:2)
  A yaktaur captain (Vaults:1)
  2 ironbound convokers
  2 yaktaurs (Vaults:1)
  A tyrant leech (Spider:4)
  A redback (Spider:4)
  A howler monkey skeleton (D:9)
  5 demonic plants (D:7)
  27 fungi
  A lurking horror (Abyss:3)
  200 plants
  7 starspawn tentacles (Abyss:3)
  17 tentacles (Shoals:2)
  4 withered plants (Lair:1)
270 creatures vanquished.

Grand Total: 2070 creatures vanquished

Notes
Turn   | Place    | Note
-------+----------+-------------------------------------------
     0 | D:1      | BRD the Demonspawn Fighter began the quest for the Orb.
     0 | D:1      | Reached XP level 1. HP: 18/18 MP: 1/1
   202 | D:1      | Gained mutation: You are partially covered in icy blue
                  | scales. (AC +2) [demonic ancestry]
   202 | D:1      | Reached XP level 2. HP: 24/24 MP: 2/2
   497 | D:1      | Reached skill level 3 in Shields
   680 | D:2      | Gained mutation: You are partially covered in sharp spines.
                  | [demonic ancestry]
   680 | D:2      | Reached XP level 3. HP: 28/29 MP: 3/3
   978 | D:2      | Found a hazy altar of Hepliaklqana.
  1142 | D:2      | Found a faded altar of an unknown god.
  1249 | D:2      | Reached XP level 4. HP: 35/35 MP: 4/4
  1363 | D:2      | Found Akhoirch's Armour Shoppe.
  1612 | D:3      | Noticed Sigmund
  1621 | D:3      | Killed Sigmund
  1622 | D:3      | Gained mutation: You have a pair of small antennae on your
                  | head. [demonic ancestry]
  1622 | D:3      | Reached XP level 5. HP: 29/42 MP: 5/5
  1786 | D:3      | Found Reafun's Jewellery Boutique.
  2103 | D:4      | Noticed Robin
  2112 | D:4      | Killed Robin
  2117 | D:4      | Gained mutation: You regenerate a little health from kills.
                  | [demonic ancestry]
  2117 | D:4      | Reached XP level 6. HP: 45/48 MP: 6/6
  2121 | D:4      | Noticed Natasha
  2126 | D:4      | Killed Natasha
  2249 | D:4      | Reached skill level 4 in Shields
  2463 | D:4      | Reached skill level 5 in Axes
  2463 | D:4      | Reached XP level 7. HP: 52/55 MP: 7/7
  2521 | D:4      | Found a runed translucent door.
  2524 | D:4      | Noticed Crazy Yiuf
  2628 | D:4      | Noticed Natasha
  2633 | D:4      | Killed Natasha
  2646 | D:4      | Noticed Natasha
  2656 | D:4      | Killed Natasha
  2757 | D:5      | Entered Level 5 of the Dungeon
  2762 | D:5      | Identified a scroll of acquirement
  2797 | D:5      | Reached skill level 5 in Fighting
  2918 | D:5      | Reached skill level 5 in Shields
  3020 | D:5      | Found a sand-covered staircase.
  3028 | Ossuary  | Entered an ossuary
  3073 | Ossuary  | Gained mutation: You are mostly covered in sharp spines.
                  | [demonic ancestry]
  3073 | Ossuary  | Reached XP level 8. HP: 61/63 MP: 8/8
  3491 | D:5      | Identified the +2 hat of the Blue Moon {Int-4 SInv Stlth+}
  4192 | D:6      | Gained mutation: You are mostly covered in icy blue scales.
                  | (AC +3) [demonic ancestry]
  4192 | D:6      | Reached XP level 9. HP: 63/71 MP: 9/9
  4480 | D:6      | Found a staircase to the Ecumenical Temple.
  4488 | Temple   | Entered the Ecumenical Temple
  4799 | Temple   | Became a worshipper of Warmaster Okawaru
  5540 | D:7      | Reached skill level 5 in Armour
  5890 | D:8      | Reached * piety under Okawaru
  5897 | D:8      | Noticed a two-headed ogre
  5905 | D:8      | Killed a two-headed ogre
  6062 | D:8      | Found a flagged portal.
  6071 | Bailey   | Entered a bailey
  6086 | Bailey   | Reached XP level 10. HP: 80/80 MP: 10/10
  6154 | Bailey   | Reached ** piety under Okawaru
  6216 | Bailey   | Reached skill level 10 in Axes
  6312 | Bailey   | Noticed an orc warlord
  6335 | Bailey   | Killed an orc warlord
  6335 | Bailey   | Reached *** piety under Okawaru
  6603 | Bailey   | Got the Papyrus of Harmful Oromancy
  6652 | D:8      | Found a blossoming altar of Fedhas.
  6655 | D:8      | Noticed Psyche
  6961 | D:8      | Killed Psyche
  7219 | D:8      | Noticed Pikel
  7222 | D:8      | Reached **** piety under Okawaru
  7231 | D:8      | Killed Pikel
  7232 | D:8      | Reached XP level 11. HP: 66/89 MP: 11/11
  7353 | D:8      | Found a staircase to the Lair.
  8081 | D:9      | Noticed Maurice
  8087 | D:9      | Noticed Joseph
  8098 | D:9      | Killed Maurice
  8102 | D:9      | Killed Joseph
  8102 | D:9      | Reached ***** piety under Okawaru
  8347 | D:9      | Found a transporter.
  8349 | D:9      | Found a transporter.
  8389 | D:9      | Noticed bratinateska's ghost (novice MiFi)
  8391 | D:9      | Found a one-way gate to the infinite horrors of the Abyss.
  8552 | D:9      | Received a gift from Okawaru
  8661 | D:9      | Noticed a mana viper
  8692 | D:10     | Entered Level 10 of the Dungeon
  8935 | D:10     | Noticed a two-headed ogre
  8948 | D:10     | Killed a two-headed ogre
  9068 | D:10     | Found a portal to a secret trove of treasure.
  9152 | D:10     | Noticed a two-headed ogre
  9155 | D:10     | Killed a two-headed ogre
  9256 | D:10     | Reached skill level 10 in Fighting
  9336 | D:10     | Gained mutation: You regenerate health from kills. [demonic
                  | ancestry]
  9336 | D:10     | Reached XP level 12. HP: 91/98 MP: 12/12
  9411 | D:10     | Identified the +0 plate armour "Ygamioca" {*Slow rPois
                  | rF+++ Regen+}
  9684 | Lair:1   | Entered Level 1 of the Lair of Beasts
  9715 | Lair:1   | Received a gift from Okawaru
  9962 | Lair:1   | Found an iron altar of Okawaru.
 10274 | Lair:1   | Found a runed translucent gate.
 10274 | Lair:1   | Found a runed translucent gate.
 10274 | Lair:1   | Found a runed translucent gate.
 10486 | Lair:1   | Noticed Xief's ghost (journeyman DsCA)
 10487 | Lair:1   | Noticed Puas's ghost (journeyman GrBe)
 10487 | Lair:1   | Noticed Rubrisal's ghost (journeyman SpEn)
 10923 | Lair:2   | Noticed LowRida's ghost (journeyman GnRe)
 10930 | Lair:2   | Noticed a death yak
 10956 | Lair:2   | Found a hole to the Spider Nest.
 10985 | Lair:2   | Identified the +2 falchion "Fippoe" {pain, rN+ Will+ Int+3}
 11219 | Lair:2   | Noticed Urug
 11225 | Lair:2   | Killed Urug
 11353 | Lair:2   | Found a runed translucent gate.
 11353 | Lair:2   | Found a runed translucent gate.
 11353 | Lair:2   | Found a runed translucent gate.
 11439 | Lair:2   | Identified the +13 crystal plate armour of Sloth {Will++}
                  | (Okawaru gifted it to you on level 2 of the Lair of Beasts)
 11439 | Lair:2   | Received a gift from Okawaru
 11550 | Lair:2   | Found a staircase to the Shoals.
 11767 | Lair:3   | Noticed a five-headed hydra
 11776 | Lair:3   | Killed a two-headed hydra
 12072 | Lair:3   | Identified the +1 ring mail of the Narrow God {-Cast Fly
                  | Dex+5}
 12153 | Lair:3   | Reached XP level 13. HP: 106/106 MP: 13/13
 12209 | Lair:3   | Reached skill level 10 in Armour
 12247 | Lair:3   | Reached ****** piety under Okawaru
 12744 | Lair:4   | Reached skill level 15 in Axes
 13395 | Lair:5   | Entered Level 5 of the Lair of Beasts
 13419 | Lair:5   | Found a staircase to the Slime Pits.
 13419 | Lair:5   | Found a viscous altar of Jiyva.
 13612 | Lair:5   | Identified the +8 hand axe of Exoneration {spect, Drain rC+
                  | Will- Dex+6} (Okawaru gifted it to you on level 5 of the
                  | Lair of Beasts)
 13612 | Lair:5   | Received a gift from Okawaru
 13792 | Lair:5   | Identified the +0 chain mail of Life {rPois Int+2 SInv}
                  | (Okawaru gifted it to you on level 5 of the Lair of Beasts)
 13792 | Lair:5   | Received a gift from Okawaru
 14242 | Lair:5   | Gained mutation: You are completely covered in icy blue
                  | scales. (AC +4, rC+) [demonic ancestry]
 14242 | Lair:5   | Reached XP level 14. HP: 116/116 MP: 14/14
 14373 | Lair:5   | Identified the ring of Qeykh {rCorr Int+4 Slay+3}
 14694 | Lair:5   | Received a gift from Okawaru
 15807 | D:12     | Reached skill level 6 in Shields
 15832 | D:12     | Identified the +0 hat of Cimeli Ingu {Will+ Int+3} (Okawaru
                  | gifted it to you on level 12 of the Dungeon)
 15832 | D:12     | Received a gift from Okawaru
 16463 | D:12     | Found a staircase to the Orcish Mines.
 16537 | D:12     | You fall into a shaft and drop 3 floors!
 16537 | D:15     | Entered Level 15 of the Dungeon
 16567 | D:15     | Reached skill level 7 in Shields
 16710 | D:15     | Noticed Josephine
 16717 | D:15     | Killed Josephine
 16726 | D:15     | Reached XP level 15. HP: 123/126 MP: 15/15
 17644 | D:13     | Reached skill level 8 in Shields
 17724 | D:13     | Found the +1 cloak of Starlight {*Dazzle EV+4 Stlth--}
 18363 | Orc:1    | Entered Level 1 of the Orcish Mines
 18385 | Orc:1    | Noticed Erica
 18395 | Orc:1    | Killed Erica
 18508 | Orc:1    | Received a gift from Okawaru
 18749 | Orc:2    | Entered Level 2 of the Orcish Mines
 18765 | Orc:2    | Found Xuabyat's Book Shop.
 18818 | Orc:2    | Found Kaok's General Store.
 18838 | Orc:2    | Reached skill level 9 in Shields
 18850 | Orc:2    | Found Gexisuow's Antique Armour Boutique.
 18857 | Orc:2    | Found Itibamoe's Antique Weapon Shoppe.
 19191 | Orc:2    | Found a staircase to the Elven Halls.
 19475 | D:11     | Reached skill level 10 in Shields
 19981 | Shoals:1 | Entered Level 1 of the Shoals
 20250 | Shoals:1 | Identified the +2 executioner's axe of Generosity {distort,
                  | *Corrode rElec rN+++ Will-} (Okawaru gifted it to you on
                  | level 1 of the Shoals)
 20250 | Shoals:1 | Received a gift from Okawaru
 20453 | Shoals:1 | Noticed Donald
 20476 | Shoals:1 | Killed Donald
 21096 | Shoals:2 | Noticed a kraken
 21113 | Shoals:2 | Found a transporter.
 21113 | Shoals:2 | Found a transporter.
 21116 | Shoals:2 | Noticed Modoxuh's ghost (journeyman TeSu)
 21116 | Shoals:2 | Found the ring of the Octopus King
 21162 | Shoals:2 | Noticed a kraken
 21513 | Shoals:2 | Reached skill level 11 in Shields
 22042 | Shoals:3 | Received a gift from Okawaru
 22062 | Shoals:3 | Reached skill level 12 in Shields
 22251 | Shoals:3 | Reached XP level 16. HP: 95/133 MP: 14/16
 22301 | Shoals:3 | Found a flickering gateway to a bazaar.
 22329 | Bazaar   | Entered a bazaar
 22333 | Bazaar   | Found Leopel's General Store.
 22353 | Bazaar   | Found Kinlug's Armour Emporium.
 22362 | Bazaar   | Found Daessurr's Magic Scroll Shop.
 22371 | Bazaar   | Found Arodawo's Armour Boutique.
 22379 | Bazaar   | Bought the +1 pair of boots of the Game of Kings {Rampage
                  | rN+++ Regen+ Str-3} for 405 gold pieces
 22388 | Bazaar   | Bought a scroll of magic mapping for 90 gold pieces
 22396 | Bazaar   | Bought the +1 pair of gloves of the Playwright {Will+
                  | Regen+} for 132 gold pieces
 22417 | Bazaar   | Bought a potion of might for 36 gold pieces
 22417 | Bazaar   | Bought a scroll of silence for 85 gold pieces
 22782 | Shoals:3 | Reached skill level 13 in Shields
 23010 | Shoals:4 | Entered Level 4 of the Shoals
 23105 | Spider:1 | Entered Level 1 of the Spider Nest
 23179 | Spider:1 | Identified the -2 pair of gloves of Spite {rCorr} (Okawaru
                  | gifted it to you on level 1 of the Spider Nest)
 23179 | Spider:1 | Received a gift from Okawaru
 23261 | Spider:1 | Identified the +8 broad axe "Vaaduamyl" {freeze, rN+ Dex-5
                  | SInv}
 23840 | Spider:2 | Got Xodio's Precepts of Shifting Imprecation
 24402 | Spider:2 | Reached skill level 14 in Shields
 24808 | Spider:2 | Reached XP level 17. HP: 139/139 MP: 17/17
 24890 | Spider:3 | Reached skill level 15 in Shields
 25421 | Spider:3 | Identified the +6 broad axe of the Lurker {flame, Int+4
                  | SInv} (Okawaru gifted it to you on level 3 of the Spider
                  | Nest)
 25421 | Spider:3 | Received a gift from Okawaru
 25498 | Spider:3 | Noticed Arachne
 25513 | Spider:3 | Killed Arachne
 25975 | Spider:4 | Entered Level 4 of the Spider Nest
 26112 | Spider:4 | Gained mutation: You regenerate a lot of health from kills.
                  | [demonic ancestry]
 26112 | Spider:4 | Reached XP level 18. HP: 146/146 MP: 18/18
 26268 | Spider:4 | Identified the +5 quarterstaff "Beetlebane" {flame, rPois
                  | Str+3 Dex+5}
 26281 | Spider:4 | Reached skill level 1 in Invocations
 26376 | Spider:4 | Received a gift from Okawaru
 26384 | Spider:4 | Reached skill level 5 in Invocations
 26622 | Spider:4 | Got a gossamer rune of Zot
 27756 | D:14     | Noticed Lodul
 27772 | D:14     | Killed Lodul
 27845 | D:14     | Reached skill level 10 in Invocations
 27960 | D:14     | Identified the +1 cloak "Usehuod" {rC+ rN+ Dex+3} (Okawaru
                  | gifted it to you on level 14 of the Dungeon)
 27960 | D:14     | Received a gift from Okawaru
 28134 | D:14     | Found a gate to the Vaults.
 28621 | Vaults:1 | Entered Level 1 of the Vaults
 28642 | Vaults:1 | Noticed Nikola
 28671 | Vaults:1 | Killed Nikola
 28852 | Vaults:1 | Found a runed translucent door.
 28869 | Vaults:1 | Noticed Wenn's ghost (veteran SpEn)
 29036 | Vaults:1 | Noticed a lich
 29049 | Vaults:1 | Killed a lich
 29825 | Vaults:1 | Received a gift from Okawaru
 29853 | Vaults:1 | Identified the +8 sling of the Sage {flame, rElec}
 29892 | Vaults:1 | Reached XP level 19. HP: 115/152 MP: 30/30
 30190 | Vaults:2 | Reached skill level 15 in Invocations
 30203 | Vaults:2 | Reached skill level 15 in Armour
 31385 | Vaults:2 | Upgraded the game from 0.30-a0-739-gea05faddec to
                  | 0.30-a0-743-gbfdf073431
 31385 | Vaults:2 | Acquired 762 gold pieces
 31387 | Vaults:2 | Acquired the +10 tower shield of Ignorance {rN+ Int-4}
 31387 | Vaults:2 | Found the +10 tower shield of Ignorance {rN+ Int-4}
 31389 | Vaults:2 | Acquired a ring of poison resistance
 32873 | Shoals:4 | Noticed Kirke
 32905 | Shoals:4 | Killed Kirke
 32908 | Shoals:4 | Reached skill level 15 in Fighting
 32934 | Shoals:4 | Received a gift from Okawaru
 33042 | Shoals:4 | Reached skill level 16 in Shields
 33098 | Shoals:4 | Noticed Polyphemus
 33123 | Shoals:4 | Killed Polyphemus
 33287 | Shoals:4 | Got a barnacled rune of Zot
 33376 | Shoals:4 | Found a runed translucent door.
 33380 | Shoals:4 | Found a corrupted altar of Lugonu.
 33594 | Shoals:4 | Identified the +0 ring mail "Tihuvytz" {rC++ Dex+3}
 33846 | Shoals:4 | Identified the +1 scale mail "Syresh" {Str+2} (Okawaru
                  | gifted it to you on level 4 of the Shoals)
 33846 | Shoals:4 | Received a gift from Okawaru
 33873 | Shoals:4 | Got Guigh's Guidebook on Boreal Vapour
 34124 | Lair:1   | Killed Rubrisal's ghost
 34128 | Lair:1   | Killed Puas's ghost
 34131 | Lair:1   | Killed Xief's ghost
 34269 | Lair:2   | Gained mutation: You have a pair of antennae on your head.
                  | [demonic ancestry]
 34269 | Lair:2   | Reached XP level 20. HP: 149/162 MP: 31/31
 34280 | Lair:2   | Killed LowRida's ghost
 34614 | D:9      | Reached skill level 17 in Shields
 34629 | D:9      | Killed bratinateska's ghost
 34630 | Abyss:1  | Cast into level 1 of the Abyss (gnoll sergeant)
 34746 | Abyss:2  | Found a corrupted altar of Lugonu.
 34767 | D:9      | Escaped the Abyss
 34778 | D:9      | Identified the +1 leather armour "Goaxt" {Rampage rF-
                  | rCorr}
 36338 | Vaults:3 | Found a staircase to the Crypt.
 36387 | Vaults:3 | Reached skill level 18 in Shields
 36435 | Vaults:3 | Identified the amulet "Koigon" {rPois Regen+ Int+4 Slay-6}
 36440 | Vaults:3 | Identified the +1 glaive of Exhibitionism {heavy, Str+3}
 36702 | Vaults:4 | Identified the +1 hat "Ifoyj" {Harm rF- Str+3 Int+2}
                  | (Okawaru gifted it to you on level 4 of the Vaults)
 36702 | Vaults:4 | Received a gift from Okawaru
 37259 | Vaults:4 | Reached skill level 19 in Shields
 38656 | Vaults:5 | Entered Level 5 of the Vaults
 38674 | Vaults:5 | Reached skill level 20 in Shields
 38694 | Vaults:5 | Gained mutation: You are robust. (+10% HP) [demonic
                  | ancestry]
 38694 | Vaults:5 | Reached XP level 21. HP: 162/184 MP: 29/32
 38757 | Vaults:4 | Identified the +1 tower shield of the Mind {rPois rF-
                  | Will+++ Str+3} (Okawaru gifted it to you on level 4 of the
                  | Vaults)
 38757 | Vaults:4 | Received a gift from Okawaru
 38901 | Vaults:5 | Reached skill level 21 in Shields
 38960 | Vaults:5 | Gained mutation: You have a pair of large antennae on your
                  | head. (SInv) [demonic ancestry]
 38960 | Vaults:5 | Reached XP level 22. HP: 192/192 MP: 33/33
 39052 | Abyss:3  | Found a corrupted altar of Lugonu.
 39052 | Abyss:3  | Cast into level 3 of the Abyss (vault warden)
 39164 | Abyss:3  | Paralysed by accursed screaming for 1 turns
 39193 | Arena    | Entered the Arena
 39271 | Abyss:3  | Found a corrupted altar of Lugonu.
 39274 | Abyss:3  | Found a corrupted altar of Lugonu.
 39275 | Abyss:3  | Found a transporter.
 39338 | Abyss:3  | Noticed an ancient lich
 39357 | Abyss:3  | Killed an ancient lich
 39387 | Abyss:3  | Found a corrupted altar of Lugonu.
 39496 | Vaults:5 | Escaped the Abyss
 39526 | Vaults:5 | Identified the +10 morningstar "Zujev" {pain, rN+ Int+2
                  | Dex+3}
 39526 | Vaults:5 | Identified the amulet of Dishonesty {Faith rC++ SInv}
 39564 | Vaults:5 | Got a silver rune of Zot
 39573 | Vaults:5 | Got the Omnibus of the Unholy Syncline
 39574 | Vaults:5 | Identified the +0 arbalest of Dutyu {heavy, rPois rF- Str-5
                  | Dex+9}
 39582 | Vaults:5 | Identified the +6 falchion of Beyond {freeze, rC+ rCorr
                  | MP+9 SInv}
 39752 | Vaults:5 | Noticed a golden dragon
 39760 | Vaults:5 | Killed a golden dragon
 39835 | Vaults:5 | Reached skill level 22 in Shields
 39858 | Vaults:5 | Found Waillola's Armour Shop.
 39879 | Vaults:5 | Identified the +1 pair of gloves "Zazezu" {rPois rF- rCorr
                  | Str+6}
 40055 | Vaults:5 | Identified the ring "Haconlef" {*Corrode rElec rC+ Int+7
                  | Stlth+}
 40143 | Vaults:5 | Identified the +10 battleaxe "Ovuoqopo" {venom, rElec rF+
                  | Str+3}
 40306 | Vaults:5 | Identified the +0 pair of gloves "Kadess" {*Slow Will+++
                  | Str+2}
 40373 | Vaults:5 | Noticed a dread lich
 40381 | Vaults:5 | Killed a dread lich
 40381 | Vaults:5 | Identified the +1 plate armour of the Cicada {Rampage rF+
                  | Str+5} (Okawaru gifted it to you on level 5 of the Vaults)
 40381 | Vaults:5 | Received a gift from Okawaru
 40520 | Vaults:5 | Identified the +3 leather armour of Hedor {rPois Str+2
                  | Dex+3}
 40616 | Vaults:5 | Bought the +0 pair of fencer's gloves {Riposte Dex+3} for
                  | 600 gold pieces
 40616 | Vaults:5 | Found the +0 pair of fencer's gloves {Riposte Dex+3}
 41067 | Slime:1  | Entered Level 1 of the Pits of Slime
 41846 | Slime:2  | Gained mutation: You do not regenerate when monsters are
                  | visible. [a shining eye]
 41850 | Slime:1  | Gained mutation: You occasionally lose the ability to drink
                  | potions when taking damage. [a shining eye]
 42179 | Slime:2  | Gained mutation: Armour fits poorly on your strangely
                  | shaped body. [a shining eye]
 42183 | Slime:2  | Gained mutation: You sometimes lose the ability to drink
                  | potions when taking damage. [a shining eye]
 42186 | Slime:2  | Gained mutation: You occasionally lose the ability to read
                  | scrolls when taking damage. [a shining eye]
 42375 | Lair:1   | Lost mutation: You do not regenerate when monsters are
                  | visible. [potion of mutation]
 42375 | Lair:1   | Lost mutation: You occasionally lose the ability to read
                  | scrolls when taking damage. [potion of mutation]
 42375 | Lair:1   | Lost mutation: Armour fits poorly on your strangely shaped
                  | body. [potion of mutation]
 42375 | Lair:1   | Gained mutation: Your system is resistant to poisons.
                  | (rPois) [potion of mutation]
 42600 | Slime:3  | Found a viscous altar of Jiyva.
 42606 | Slime:3  | Gained mutation: You are completely covered in sharp
                  | spines. [demonic ancestry]
 42606 | Slime:3  | Reached XP level 23. HP: 202/202 MP: 34/34
 43809 | Slime:5  | Entered Level 5 of the Pits of Slime
 43891 | Slime:5  | Noticed the Royal Jelly
 43908 | Slime:5  | Gained mutation: You occasionally shout uncontrollably at
                  | your foes. [a shining eye]
 43975 | Slime:5  | Killed the Royal Jelly
 43975 | Slime:5  | Identified the +10 plate armour of Ywetimit {Harm *Corrode
                  | rPois Regen+} (Okawaru gifted it to you on level 5 of the
                  | Pits of Slime)
 43975 | Slime:5  | Received a gift from Okawaru
 43976 | Slime:5  | Reached skill level 23 in Shields
 44059 | Slime:5  | Paralysed by a floating eye for 2 turns
 44072 | Slime:5  | Found the +8 demon trident "Rift" {distort, reach+}
 44101 | Slime:5  | Identified the ring of Matrib {Ice Str+2 Dex+3}
 44128 | Slime:5  | Got the Vellum of Dislocation and Assembling
 44144 | Slime:5  | Identified the +3 long sword of Circularity {pain, rC+
                  | Int+3}
 44149 | Slime:5  | Identified the amulet of Ezinyhuc {Faith rCorr Str+3
                  | Stlth+}
 44173 | Slime:5  | Got a slimy rune of Zot
 44177 | Slime:5  | Identified the +4 flail of Annihilation {pain, rElec rC+
                  | Will++ Dex-3}
 44193 | Slime:5  | Gained mutation: You are vulnerable to heat. (rF-) [a
                  | shining eye]
 44231 | Slime:5  | Identified the +3 sling of Daunood {drain, Int+2 Dex+3}
 44233 | Slime:5  | Identified the +4 war axe of Iluoluan {spect, rPois Str+6}
 44266 | Slime:5  | Identified the +7 whip "Roebre" {venom, rCorr Int+3}
 44312 | Slime:5  | Slain by an enormous slime creature

Illustrated notes

Levels and vault maps discovered:
D:1:      psy_arrival_statuary, layout_basic
D:2:      layout_basic, basic_altar, chequers_ecumenical_altar_lobes,
          serial_shops, nicolae_shop_hallway_stairs,
          chequers_serial_rivers_small_b
D:3:      layout_loops_ring, serial_shops, nicolae_square_shop, uniq_sigmund
D:4:      layout_basic, uniq_robin, uniq_natasha, uniq_crazy_yiuf_cottage
D:5:      layout_basic, enter_ossuary_5
D:6:      layout_loops_corners, temple_green
D:7:      layout_rooms, serial_demonic, serial_demonic_g, serial_demonic_f,
          serial_demonic_a, serial_demonic_a, serial_demonic_f,
          serial_demonic_b, serial_demonic_c, serial_demonic_g
D:8:      layout_basic, lemuel_tele_altar, erik_lair_dragon, enter_bailey_3,
          uniq_psyche, uniq_pikel
D:9:      layout_big_octagon, gammafunk_ghost_abyssal_escape,
          hangedman_decor_slide_cut, hangedman_weighted_door,
          minmay_fractal_squares_gapless_5, uniq_maurice, uniq_joseph
D:10:     layout_basic, nicolae_trove_entry_diagonal, grunt_potential
D:11:     layout_roguey, the_hattery
D:12:     layout_cave_pods, david_orc_4, eino_house_with_fridge
D:13:     layout_layer_cave, hellmonk_guarded_unrand_starlight
D:14:     layout_long_grid, david_vaults_4, minivault_4, uniq_lodul
D:15:     hangedman_depths_entry_civil_slaughter, layout_loops_ring,
          roderic_lattice_octagonal_star, uniq_josephine, uniq_nessos
Temple:   mainiacjoe_temple_archimedes_tessellation
Lair:1:   layout_hall_layers, basic_altar, gammafunk_ghost_cemetery,
          grunt_megastairs_4, serial_bayou_shore_b
Lair:2:   layout_regular_city, minmay_shoals_entry_hut,
          spider_nest_entry_rubble, gammafunk_ghost_split,
          chequers_serial_rivers_marsh, lemuel_fruit_tree, uniq_urug
Lair:3:   layout_loops_ring, grunt_megastairs_3
Lair:4:   layout_loops_ring, infiniplex_staircase_pool, serial_bayou_shore_a,
          grunt_megastairs_5
Lair:5:   hangedman_lair_caniforms_friends, layout_loops_ring,
          hangedman_lair_in_review, minmay_slime_entry_pillars,
          lemuel_fruit_fields
Shoals:1: layout_shoals, uniq_donald
Shoals:2: layout_shoals, ebering_ghost_davey_jones
Shoals:3: layout_shoals, serial_shops, bzr_entry_lakeside,
          hangedman_shoal_volcano
Shoals:4: shoals_end_grunt_garden, layout_shoals,
          nicolae_shoals_abyss_on_the_beach, uniq_kirke, uniq_polyphemus
Spider:1: layout_spider_delve
Spider:2: layout_spider_delve, nicolae_spider_bzzzt
Spider:3: layout_cave_pods, uniq_arachne
Spider:4: grunt_spider_rune_parallel, nicolae_spider_swamp_cousins
Slime:1:  layout_caves
Slime:2:  layout_caves
Slime:3:  layout_caves, basic_altar, nicolae_slime_round_cave
Slime:4:  layout_caves, nicolae_slime_crime_time
Slime:5
Orc:1:    layout_caves, uniq_erica
Orc:2:    grunt_orc_gardens, layout_caves, grunt_orc_garden, grunt_orc_garden,
          grunt_orc_garden, grunt_orc_garden
Vaults:1: hellmonk_ghost_big_iron, v_pattern_2, nicolae_vaults_network_s,
          v_misc_24, st_lines, vaults_room_large_hall,
          nicolae_vaults_border_crossing, hangedman_vaults_trim,
          layout_vaults_omnigrid, uniq_nikola
Vaults:2: v_misc_25, v_alt_pattern_6, ontoclasm_vaults_idyll,
          nicolae_vaults_big_angled_halls, hangedman_vaults_impose,
          ontoclasm_vaults_ring_square, hangedman_vaults_capsules,
          nicolae_vaults_network_periphery, nicolae_vaults_diagonal_hallway_9,
          vaults_dpeg_hooks, nicolae_vaults_little_squares_3,
          vaults_dpeg_emergency_exit, vaults_dpeg_ring, layout_vaults_omnibox
Vaults:3: minmay_crypt_entry_simple_plaza, nicolae_vaults_theta,
          nicolae_vaults_bisected_exclaves, v_rooms_5, ontoclasm_vaults_bender,
          vaults_mumra_chevron, dpeg_vaults_hating_casters,
          nicolae_vaults_little_squares_1, vaults_room_pools,
          layout_vaults_chaotic_city
Vaults:4: vaults_mumra_lcd, vaults_room_corners, v_misc_27, v_misc_29,
          hangedman_vaults_variations, st_squares, ontoclasm_vaults_ligature,
          v_misc_12, v_misc_16, v_misc_14, vaults_room_door_ring,
          vaults_room_stairs_pillars, nicolae_vaults_specimen_jars,
          ontoclasm_vaults_gateway, layout_vaults_ring
Vaults:5

Skill      XL: |  1  2  3  4  5  6  7  8  9 10 11 12 13 14 15 16 17 18 19 20 21 22 23 |
---------------+----------------------------------------------------------------------+-----
Axes           | 2 3 4 5 6 7 9 11 12 14 16 17 18 | 18.0
Shields        | 3 4 5 7 12 14 15 16 20 21 22 23 | 23.0
Fighting       | 4 5 6 7 9 10 11 12 14 15 16 | 16.7
Armour         | 4 5 7 8 9 11 13 14 16 17 | 17.9
Invocations    | 14 15 | 15.0

Action                     |  1- 3 |  4- 6 |  7- 9 | 10-12 | 13-15 | 16-18 | 19-21 | 22-24 || total
---------------------------+-------+-------+-------+-------+-------+-------+-------+-------++-------
  Melee: War axe           |   120 |    61 |   296 |   464 |   938 |   912 |   421 |       ||  3212
         Unarmed           |       |       |       |     3 |       |       |       |       ||     3
         Broad axe         |       |       |       |     4 |       |       |   530 |   617 ||  1151
  Throw: Dart              |       |       |       |     4 |       |       |       |       ||     4
 Invoke: Heroism           |       |       |       |     4 |     6 |     5 |     8 |     5 ||    28
         Finesse           |       |       |       |       |       |       |     1 |     2 ||     3
         Duel              |       |       |       |       |       |       |       |     1 ||     1
  Evoke: Wand              |       |       |     6 |       |       |       |       |     3 ||     9
         Condenser vane    |       |       |       |       |       |       |     1 |       ||     1
         Tin of tremorston |       |       |       |       |       |       |       |     1 ||     1
    Use: Potion            |       |     1 |       |     5 |     6 |     9 |    12 |     4 ||    37
         Scroll            |       |       |    12 |     5 |    13 |     3 |    10 |     3 ||    46
   Stab: Petrified         |       |       |       |       |     2 |       |       |       ||     2
         Petrifying        |       |       |       |       |     1 |       |       |       ||     1
         Confused          |       |       |       |       |       |       |    19 |       ||    19
 Armour: Scale mail        |    59 |    16 |    85 |       |       |       |       |       ||   160
         Chain mail        |       |       |    89 |   206 |       |       |       |       ||   295
         Crystal plate arm |       |       |       |    86 |   979 |   828 |   762 |   369 ||  3024
  Dodge: Dodged            |    52 |    18 |    70 |   123 |   187 |   206 |   192 |    71 ||   919
         Repelled          |       |     1 |       |       |     3 |     7 |     6 |     9 ||    26
  Block: Buckler           |    33 |    31 |   161 |   335 |   573 |   835 |   756 |   401 ||  3125
         Reflection        |       |     2 |     6 |     7 |    47 |    25 |    62 |     8 ||   157

Table legend: (Time is in decaauts)
 A = Elapsed time spent in this place.
 B = Non-inter-level travel time spent in this place.
 C = Inter-level travel time spent in this place.
 D = Time resting spent in this place.
 E = Time spent auto-exploring this place.
 F = Levels seen in this place.
 G = Mean time per level.
                   A        B        C        D        E       F      G
               +--------+--------+--------+--------+--------+-----+--------+
         Total |  44835 |  39992 |   4843 |   3315 |  22841 |  49 |  915.0 |
       Dungeon |  13933 |  12452 |   1481 |    415 |   8985 |  15 |  928.9 |
        Temple |    353 |    312 |     41 |      0 |    225 |   1 |  353.0 |
          Lair |   6845 |   5926 |    919 |    328 |   3760 |   5 | 1369.0 |
        Shoals |   5342 |   5029 |    313 |   1036 |   2058 |   4 | 1335.5 |
   Spider Nest |   4281 |   3921 |    360 |    450 |   1380 |   4 | 1070.2 |
    Slime Pits |   3026 |   2747 |    279 |    364 |   1287 |   5 |  605.2 |
  Orcish Mines |   1089 |   1027 |     62 |      8 |    695 |   2 |  544.5 |
        Vaults |   8319 |   6933 |   1386 |    344 |   4273 |   5 | 1663.8 |
         Abyss |    546 |    546 |      0 |     86 |      0 |   4 |  136.5 |
        Bazaar |    108 |    108 |      0 |      0 |     35 |   1 |  108.0 |
       Ossuary |    366 |    366 |      0 |     38 |     71 |   1 |  366.0 |
        Bailey |    607 |    607 |      0 |    232 |     70 |   1 |  607.0 |
         Arena |     15 |     15 |      0 |     13 |      0 |   1 |   15.0 |
               +--------+--------+--------+--------+--------+-----+--------+

Top non-repeatable levels by time:
Vaults:1: 1967 daAuts
  Lair:1: 1967 daAuts
     D:8: 1857 daAuts
Shoals:2: 1783 daAuts
Vaults:2: 1673 daAuts
Vaults:3: 1655 daAuts
  Lair:5: 1620 daAuts
    D:13: 1614 daAuts
Vaults:4: 1526 daAuts
Vaults:5: 1496 daAuts
  Lair:2: 1345 daAuts
Shoals:1: 1315 daAuts
Spider:2: 1302 daAuts
Shoals:3: 1252 daAuts
Spider:3: 1187 daAuts
